 Dungeon Crawl Stone Soup version 0.28-a0-925-gd5e1996cdb (webtiles) character file.

Game seed: 16205169990868316425

2778 dolemite99 the Spear-Bearer (level 9, 0/63 HPs)
             Began as a Demonspawn Fighter on Nov 27, 2021.
             Was an Elder of Jiyva.
             Slain by Erica (1 damage)
             ... on level 9 of the Dungeon.
             The game lasted 00:08:45 (7275 turns).

dolemite99 the Spear-Bearer (Demonspawn Fighter)    Turns: 7275, Time: 00:08:46

Health: 0/63       AC: 18    Str: 24    XL:     9   Next: 42%
Magic:  2/9        EV:  7    Int: 10    God:    Jiyva [****..]
Gold:   320        SH:  4    Dex:  9    Spells: 8/8 levels left

rFire   . . .      SeeInvis +   a - +0 trident
rCold   . . .      Faith    .   c - +0 buckler
rNeg    . . .      Spirit   .   o - +8 chain mail "Zocivan" {rPois Str+4 Dex-3}
rPois   +          Reflect  .   (helmet restricted)
rElec   .          Harm     .   (no cloak)
rCorr   +          Rampage  .   (no gloves)
Will    +....                   (no boots)
Stlth   ..........              (no amulet)
HPRegen 1.48/turn               f - +4 ring of protection
MPRegen 0.51/turn               (no ring)

@: lethally poisoned (0 -> -1), slimy, calling ooze
A: horns 1, molten scales 1, demonic guardian 1, strong-willed 1, poison
resistance, eyeballs 3, pseudopods 3, MP-powered wands
a: Renounce Religion, Oozemancy, Slimify


You were on level 9 of the Dungeon.
You worshipped Jiyva.
Jiyva was greatly pleased with you.
You visited 1 branch of the dungeon, and saw 9 of its levels.
You also visited: Ossuary.

You collected 320 gold pieces.

Inventory:

Hand Weapons
 a - a +0 trident (weapon)
 h - a +2 hand axe of freezing
 j - a +0 glaive
 k - a +2 morningstar
Missiles
 d - 80 stones (quivered)
 e - 112 arrows
 l - 25 bolts
 n - a boomerang
Armour
 c - a +0 buckler (worn)
 m - a +0 plate armour
 o - the +8 chain mail "Zocivan" (worn) {rPois Str+4 Dex-3}
   (You took it off an orc warrior on level 6 of the Dungeon)

   Str:       It affects your strength (+4).
   Dex:       It affects your dexterity (-3).
   rPois:     It protects you from poison.
 p - a +2 scale mail of fire resistance
Jewellery
 f - a +4 ring of protection (left hand)
 s - a ring of willpower
Wands
 q - a wand of iceblast (6)
Scrolls
 b - a scroll of blinking
 i - a scroll of summoning {unknown}
 r - 2 scrolls of identify {@r1}
Potions
 g - a potion of ambrosia
 t - a potion of curing
 u - a potion of mutation {unknown}


   Skills:
 - Level 3.0 Fighting
 + Level 12.0 Polearms
 - Level 2.6 Armour
 - Level 2.6 Shields


You had 8 spell levels left.
You didn't know any spells.
Your spell library contained the following spells:

 Spells                   Type           Power      Damage    Failure   Level
 Static Discharge         Conj/Air       0%         N/A       99%         2
 Call Canine Familiar     Summ           0%         N/A       100%        3
 Portal Projectile        Hex/Tloc       0%         N/A       100%        3
 Leda's Liquefaction      Hex/Erth       0%         N/A       100%        4


Dungeon Overview and Level Annotations

Branches:
Dungeon (9/15)             Temple (0/1) D:7         Ossuary (visited)
   Lair: D:8-11         Orc: D:9-12

Altars:
Cheibriados
Dithmenos
Hepliaklqana
Kikubaaqudgha
Makhleb
Ru
Sif Muna
Trog
Wu Jian
Xom
Zin
The Shining One
Beogh
Jiyva

Annotations:
D:9 Erica


Innate Abilities, Weirdness & Mutations

You have a pair of small horns on your head.
You are partially covered in molten scales. (AC +2)
A weak demonic guardian rushes to your aid.
You are strong-willed. (Will+)
Your system is resistant to poisons. (rPois)
Your body is covered in eyes which may confuse attackers. (Acc +7, SInv)
Armour fits poorly on your massive pseudopods.
You expend magic power (3 MP) to strengthen your wands.


Message History

The green ugly thing bites your white imp.
Your white imp hits the green ugly thing.
Your white imp freezes the green ugly thing.
A thick mucus forms on your +0 trident.
You feel very sick.
The centaur hits you but does no damage.
The centaur completely misses you.
The eyeballs on your body gaze at the centaur.
The centaur hits you with a +4 dagger of speed.
You block the centaur's attack.
Erica hits you with a +1 scimitar of flaming.
Erica burns you.
Activating: Oozemancy
Press: ? - help, Dir - look around, f - activate Slime begins to ooze from the nearby walls!
You will no longer expel jellies when injured.
You feel very sick.
The wall burns the centaur!
The centaur chortles and stares into space.
The walls burn the green ugly thing!
The green ugly thing bites you but does no damage.
The walls burn the centaur!
The walls burn the two-headed ogre!
The walls burn Erica!
Erica hits you but does no damage. The wall burns your white imp!
You kill your white imp!
Your white imp disappears in a puff of smoke!
You feel sick.
The wall burns the centaur!
The centaur hits the two-headed ogre with a +4 dagger of speed.
The centaur kicks the two-headed ogre but does no damage.
The walls burn the green ugly thing!
The wall burns the centaur!
The walls burn the two-headed ogre!
The two-headed ogre hits you with a +0 giant spiked club!
* * * LOW HITPOINT WARNING * * *
The two-headed ogre hits you with a +0 giant spiked club.
* * * LOW HITPOINT WARNING * * *
The walls burn Erica!
Erica hits you with a +1 scimitar of flaming.
* * * LOW HITPOINT WARNING * * *
Erica burns you.
You die...

##...# ..# #..:.
..# # ..... ...
.# #. [.. ..# .#
#.. ..##..#...#
#...###.c...#..#
#.....O...##..#
#....@u####...#
###...@.ยง.....#
.#####.......#
.............#
###.+........# #
#...<....#
#........#
####'##### #[#


You could see a green ugly thing, Erica (invisible), a two-headed ogre and a
centaur (confused).

Vanquished Creatures
  The ghost of mnm the Shield-Bearer, an amateur GrFi (D:6)
  A wraith (D:9)
  A water moccasin (D:5)
  3 orc warriors
  A sky beast (D:6)
  3 ice beasts
  A hornet zombie (D:8)
  A necrophage (D:4)
  2 centaurs (D:8)
  A phantom (D:7)
  4 bullfrogs
  A water moccasin zombie (D:6)
  A scorpion (D:5)
  5 wights (D:6)
  A howler monkey (D:9)
  A hound (D:7)
  9 orc priests
  3 bullfrog skeletons (D:6)
  3 orc wizards
  A killer bee zombie (D:7)
  A hound skeleton (D:5)
  A mummy (Ossuary)
  5 adders
  3 gnolls (D:3)
  3 shadow imps
  A white imp (D:7)
  2 ufetubi
  A worm (D:7)
  3 dart slugs (D:1)
  18 orcs
  3 spectral bats (Ossuary)
  7 bats
  A bat simulacrum (Ossuary)
  3 endoplasms (D:1)
  4 giant cockroaches
  5 goblins
  9 hobgoblins
  5 jackals
  16 kobolds
  A quokka (D:2)
  6 ball pythons
  5 frilled lizards
  8 gnoll zombies (Ossuary)
  3 goblin simulacra (Ossuary)
  4 goblin zombies (Ossuary)
  3 hobgoblin zombies (Ossuary)
  2 kobold simulacra (Ossuary)
  4 kobold zombies (Ossuary)
  2 orc zombies (Ossuary)
  2 rats
  A rat simulacrum (Ossuary)
  A spectral goblin (Ossuary)
  5 spectral kobolds (Ossuary)
  A spectral rat (Ossuary)
183 creatures vanquished.

Vanquished Creatures (collateral kills)
  An orc wizard (D:5)
  An adder (D:5)
2 creatures vanquished.

Vanquished Creatures (others)
  A water moccasin (D:7)
  2 black bears
  An ogre (D:6)
  A necrophage (D:6)
  A centaur (D:6)
  A kobold brigand (D:7)
  A bullfrog (D:6)
  A water moccasin skeleton (D:4)
  A howler monkey (D:6)
  A centaur zombie (D:7)
  A bullfrog zombie (D:6)
  13 jellies
  A bullfrog skeleton (D:6)
  3 hounds
  2 orc priests
  Ijyb (D:3)
  Natasha (thrice) (D:3)
  An orc wizard (D:5)
  2 adders
  2 dart slugs (D:3)
  15 orcs
  4 ball pythons
  2 endoplasms (D:3)
  A goblin (D:8)
  A jackal (D:5)
  6 kobolds
  A quokka (D:4)
  A bat (D:3)
  2 bat simulacra (Ossuary)
  4 gnoll zombies (Ossuary)
  2 goblin simulacra (Ossuary)
  A goblin zombie (Ossuary)
  2 hobgoblin zombies (Ossuary)
  2 kobold simulacra (Ossuary)
  An orc zombie (Ossuary)
  A rat (D:3)
  A rat simulacrum (Ossuary)
  2 spectral goblins
  A spectral kobold (Ossuary)
  8 plants (D:2)
98 creatures vanquished.

Grand Total: 283 creatures vanquished

Notes
Turn   | Place    | Note
-------+----------+-------------------------------------------
     0 | D:1      | dolemite99 the Demonspawn Fighter began the quest for the
                  | Orb.
     0 | D:1      | Reached XP level 1. HP: 18/18 MP: 1/1
    98 | D:1      | Reached skill level 2 in Polearms
   150 | D:1      | Gained mutation: A weak demonic guardian rushes to your
                  | aid. [demonic ancestry]
   150 | D:1      | Reached XP level 2. HP: 23/24 MP: 2/2
   508 | D:1      | Reached skill level 3 in Polearms
   671 | D:1      | Reached XP level 3. HP: 24/29 MP: 3/3
   732 | D:1      | Found a faded altar of an unknown god.
   815 | D:1      | Prayed at the altar of an unknown god.
   815 | D:1      | Became a worshipper of Jiyva Jaengaos the Shapeless
   815 | D:1      | Reached * piety under Jiyva
  1534 | D:2      | Reached ** piety under Jiyva
  1557 | D:2      | You fall into a shaft and drop 1 floor!
  1597 | D:3      | Killed Natasha
  1621 | D:3      | Reached skill level 4 in Polearms
  1621 | D:3      | Reached XP level 4. HP: 20/35 MP: 4/4
  1674 | D:3      | Killed Natasha
  1734 | D:3      | Killed Ijyb
  1823 | D:3      | Killed Natasha
  2064 | D:3      | Found an ornate altar of the Wu Jian Council.
  2140 | D:3      | Found Muishoc's Antique Weapon Shop.
  2525 | D:2      | Reached *** piety under Jiyva
  2549 | D:2      | Gained mutation: Your natural rate of healing is unusually
                  | fast. [Jiyva's grace]
  2549 | D:2      | Gained mutation: You heal very quickly. [Jiyva's grace]
  2549 | D:2      | Gained mutation: You regenerate. [Jiyva's grace]
  2549 | D:2      | Gained mutation: Your system is resistant to poisons.
                  | (rPois) [Jiyva's grace]
  2912 | D:4      | Noticed a necrophage
  2921 | D:4      | Killed a black bear
  2923 | D:4      | Killed a necrophage
  2924 | D:4      | Reached skill level 5 in Polearms
  2924 | D:4      | Gained mutation: You have a pair of small horns on your
                  | head. [demonic ancestry]
  2924 | D:4      | Reached XP level 5. HP: 40/41 MP: 5/5
  3072 | D:4      | Noticed an orc warrior
  3073 | D:4      | Found a bloodstained altar of Trog.
  3089 | D:4      | Killed an orc warrior
  3103 | D:4      | Found a shimmering blue altar of Sif Muna.
  3114 | D:4      | Reached XP level 6. HP: 47/47 MP: 6/6
  3122 | D:4      | Got Sif Muna's Papyrus of Air
  3376 | D:4      | Reached **** piety under Jiyva
  3541 | D:5      | Entered Level 5 of the Dungeon
  3571 | D:5      | Noticed a water moccasin
  3587 | D:5      | Killed a water moccasin
  3588 | D:5      | Reached skill level 6 in Polearms
  3839 | D:5      | Reached skill level 7 in Polearms
  3839 | D:5      | Gained mutation: You are partially covered in molten
                  | scales. (AC +2) [demonic ancestry]
  3839 | D:5      | Reached XP level 7. HP: 52/52 MP: 7/7
  4407 | D:6      | Found a sand-covered staircase.
  4413 | Ossuary  | Entered an ossuary
  4893 | D:6      | Reached skill level 8 in Polearms
  4939 | D:6      | Found a burning altar of Makhleb.
  4939 | D:6      | Lost mutation: You regenerate. [Jiyva's grace]
  4939 | D:6      | Lost mutation: You heal very quickly. [Jiyva's grace]
  4939 | D:6      | Gained mutation: Your body has grown eyes which may confuse
                  | attackers. (Acc +3) [Jiyva's grace]
  4939 | D:6      | Gained mutation: Your body has grown many eyes which may
                  | confuse attackers. (Acc +5) [Jiyva's grace]
  4939 | D:6      | Gained mutation: Your body is covered in eyes which may
                  | confuse attackers. (Acc +7, SInv) [Jiyva's grace]
  4939 | D:6      | Gained mutation: You are strong-willed. (Will+) [Jiyva's
                  | grace]
  5002 | D:6      | Reached XP level 8. HP: 43/58 MP: 5/8
  5003 | D:6      | Reached skill level 9 in Polearms
  5090 | D:6      | Found a runed translucent gate.
  5090 | D:6      | Found a runed translucent gate.
  5090 | D:6      | Found a runed translucent gate.
  5090 | D:6      | Noticed mnm's ghost (amateur GrFi)
  5091 | D:6      | Identified the +8 chain mail "Zocivan" {rPois Str+4 Dex-3}
  5219 | D:6      | Identified the +6 long sword "Olugur" {elec, Str-3 Dex+9}
  5365 | D:6      | Found a shadowy altar of Dithmenos.
  5503 | D:6      | Found a sacrificial altar of Ru.
  5593 | D:6      | Killed mnm's ghost
  5594 | D:6      | Reached skill level 10 in Polearms
  5809 | D:7      | Reached XP level 9. HP: 63/63 MP: 9/9
  5830 | D:7      | Found a shimmering altar of Xom.
  5830 | D:7      | Noticed an angel
  6011 | D:7      | Found a snail-covered altar of Cheibriados.
  6122 | D:7      | Reached skill level 11 in Polearms
  6243 | D:7      | Found a staircase to the Ecumenical Temple.
  6421 | D:8      | Lost mutation: Your natural rate of healing is unusually
                  | fast. [Jiyva's grace]
  6421 | D:8      | Gained mutation: Armour fits poorly on your pseudopods.
                  | [Jiyva's grace]
  6421 | D:8      | Gained mutation: Armour fits poorly on your large
                  | pseudopods. [Jiyva's grace]
  6421 | D:8      | Gained mutation: Armour fits poorly on your massive
                  | pseudopods. [Jiyva's grace]
  6421 | D:8      | Gained mutation: You expend magic power (3 MP) to
                  | strengthen your wands. [Jiyva's grace]
  6427 | D:8      | Reached ***** piety under Jiyva
  6937 | D:8      | Found a hazy altar of Hepliaklqana.
  7154 | D:9      | Reached skill level 12 in Polearms
  7205 | D:9      | Found an ancient bone altar of Kikubaaqudgha.
  7265 | D:9      | Noticed Erica
  7267 | D:9      | Noticed a green ugly thing
  7271 | D:9      | Noticed a two-headed ogre
  7275 | D:9      | HP: 1/63 [Erica (3)]
  7275 | D:9      | Slain by Erica

Illustrated notes

Levels and vault maps discovered:
D:1:      wheals_arrival_shading, layout_loops_corners,
          hellmonk_ecumenical_altar_pennies_from_heaven, hangedman_decor_push,
          nrook_mini_vaults, serial_park_tiny_pond, grunt_decor_one_mirror,
          st_stairs_9, minmay_misc_feat_four_crosses
D:2:      layout_loops_ring, lexackson_kobold_supper
D:3:      layout_loops_ring, lemuel_crystal_altar, overflow_temple_1_default,
          serial_shops, shop, grunt_ministairs_14, minmay_cupped, uniq_natasha,
          uniq_ijyb
D:4:      layout_loops_ring, nzn_overflow_gifts_of_might_and_magic
D:5:      layout_basic
D:6:      layout_gridville, bloody_makhleb, grunt_dithmenos_shadows,
          mainiacjoe_overflow_alcove_2, biasface_ghost_orc_armoury,
          nicolae_ossuary_entry_plus
D:7:      layout_basic, chei_slow_surprise,
          grunt_temple_overflow_order_and_chaos_1,
          minmay_temple_entry_nine_rooms, st_stairs_6
D:8:      layout_basic, nicolae_hepliaklqana_monster_ancestors
D:9:      layout_roguey, kiku_gazebo_garden_becter, minmay_radiant, uniq_erica

Skill      XL: |  1  2  3  4  5  6  7  8  9 |
---------------+----------------------------+-----
Polearms       | 2 3 4 5 7 8 10 12 | 12.0
Fighting       | |  3.0
Armour         | |  2.6
Shields        | |  2.6

Action                   |  1- 3 |  4- 6 |  7- 9 || total
-------------------------+-------+-------+-------++-------
Melee: Trident           |   159 |   164 |   329 ||   652
       Headbutt          |       |    11 |    60 ||    71
       Pseudopods        |       |       |     8 ||     8
Throw: Stone             |       |    29 |    46 ||    75
Invok: Oozemancy         |       |       |     3 ||     3
       Slimify           |       |       |     2 ||     2
  Use: Potion            |     3 |       |       ||     3
       Scroll            |       |     5 |     3 ||     8
 Stab: Distracted        |       |     1 |       ||     1
       Confused          |       |       |     9 ||     9
Armor: Scale mail        |    58 |    19 |       ||    77
       Skin              |    21 |       |       ||    21
       Chain mail        |       |    18 |    53 ||    71
       Plate armour      |       |    49 |   115 ||   164
Dodge: Dodged            |    75 |    39 |    70 ||   184
Block: Buckler           |    40 |    29 |    47 ||   116

Table legend: (Time is in decaauts)
 A = Elapsed time spent in this place.
 B = Non-inter-level travel time spent in this place.
 C = Inter-level travel time spent in this place.
 D = Time resting spent in this place.
 E = Time spent auto-exploring this place.
 F = Levels seen in this place.
 G = Mean time per level.
                   A        B        C        D        E       F      G
               +--------+--------+--------+--------+--------+-----+--------+
         Total |   7290 |   6944 |    346 |    171 |   5071 |  10 |  729.0 |
       Dungeon |   6859 |   6513 |    346 |    171 |   4836 |   9 |  762.1 |
       Ossuary |    430 |    430 |      0 |      0 |    235 |   1 |  430.0 |
               +--------+--------+--------+--------+--------+-----+--------+

Top non-repeatable levels by time:
     D:1: 1412 daAuts
     D:6: 880 daAuts
     D:4: 846 daAuts
     D:5: 783 daAuts
     D:8: 748 daAuts
     D:3: 690 daAuts
     D:7: 663 daAuts
     D:2: 637 daAuts
 Ossuary: 430 daAuts
     D:9: 196 daAuts
